 Dungeon Crawl Stone Soup version 0.28.0 (webtiles) character file.

Game seed: 5451322119573452879

626 browni3141 the Chopper (level 7, -1/93 HPs)
             Began as a Minotaur Berserker on Feb 17, 2022.
             Was a Believer of Trog.
             Slain by a troll (10 damage)
             ... on level 5 of the Dungeon.
             The game lasted 00:01:49 (4606 turns).

browni3141 the Chopper (Minotaur Berserker)         Turns: 4606, Time: 00:01:49

Health: -1/93      AC:  7    Str: 23    XL:     7   Next: 23%
Magic:  6/6        EV: 11    Int:  4    God:    Trog [**....]
Gold:   104        SH:  0    Dex: 10    Spells: 6/6 levels left

rFire   . . .      SeeInvis .   a - +0 hand axe
rCold   . . .      Faith    .   (no shield)
rNeg    . . .      Spirit   .   k - +0 ring mail
rPois   +          Reflect  .   (helmet restricted)
rElec   .          Harm     .   (no cloak)
rCorr   .          Rampage  .   j - +0 pair of gloves
Will    .....                   (no boots)
Stlth   ..........              (no amulet)
HPRegen 0.25/turn               P - ring of poison resistance {@f3}
MPRegen 0.10/turn               (no ring)

@: berserking, very quick
A: horns 2, retaliatory headbutt
a: Renounce Religion, Berserk, Trog's Hand


You were on level 5 of the Dungeon.
You worshipped Trog.
Trog was pleased with you.
You visited 1 branch of the dungeon, and saw 5 of its levels.

You collected 104 gold pieces.


Innate Abilities, Weirdness & Mutations

You have a pair of horns on your head.
You reflexively headbutt those who attack you in melee.


   Skills:
 + Level 5.9 Fighting
 * Level 7.6 Axes
 + Level 5.2 Armour
 - Level 2.1 Dodging


You had 6 spell levels left.
You didn't know any spells.
Your spell library was empty.

Inventory:

Hand Weapons
 a - a +0 hand axe (weapon)
Armour
 b - a +0 animal skin
 j - a +0 pair of gloves (worn)
 k - a +0 ring mail (worn)
Jewellery
 C - a ring of ice
 P - a ring of poison resistance (left hand) {@f3}
Wands
 n - a wand of flame (11)
Scrolls
 c - 2 scrolls of magic mapping {unknown}
 d - a scroll of summoning {unknown}
 e - 2 scrolls of identify {unknown}
 i - a scroll of brand weapon {unknown}
 m - a scroll of immolation {unknown}
 r - a scroll of enchant armour {unknown}
 t - a scroll of teleportation {unknown}
 u - a scroll of enchant weapon {unknown}
Potions
 f - 3 potions of resistance {unknown}
 g - a potion of magic {unknown}
 h - 2 potions of cancellation {unknown}
 l - 3 potions of curing {unknown}
 o - 3 potions of lignification {unknown}
 p - a potion of might {unknown}
 q - a potion of attraction {unknown}
 s - a potion of flight {unknown}

Dungeon Overview and Level Annotations

Branches:
Dungeon (6/15)
 Temple: D:4-7

Altars:

Shops:
D:1

= #.##...##........###
#.##...##........#
#)#######........# #.#
#........# #.#
#........#
#.##################
#...................
#.####################
#...T@................
######################


You could see a troll.


Message History

A red film seems to cover your vision as you go berserk!
You feel yourself moving faster!
You feel mighty! The troll barely misses you. You furiously retaliate!
You headbutt the troll, but do no damage.
The troll claws you.
* * * LOW HITPOINT WARNING * * *
The troll misses you.
You closely miss the troll. You hit the troll.
The troll is lightly wounded.
The troll bites you!
* * * LOW HITPOINT WARNING * * *
The troll claws you!
* * * LOW HITPOINT WARNING * * *
The troll claws you but does no damage.
You slash the troll! Your headbutt misses the troll.
The troll is heavily wounded.
The troll barely misses you. The troll claws you!
* * * LOW HITPOINT WARNING * * *
The troll barely misses you.
You are too injured to fight recklessly!
You closely miss the troll. Your headbutt misses the troll.
The troll is heavily wounded.
You are too injured to fight recklessly!
You closely miss the troll. Your punch misses the troll.
The troll is heavily wounded.
The troll bites you!
* * * LOW HITPOINT WARNING * * *
The troll claws you!
You die...

Skill      XL: |  1  2  3  4  5  6 |
---------------+-------------------+-----
Axes           | 4 6 7 |  7.6
Fighting       | 4 5 |  5.9
Armour         | 3 4 5 |  5.2
Dodging        | |  2.1

Action                   |  1- 3 |  4- 6 |  7- 9 || total
-------------------------+-------+-------+-------++-------
Melee: Hand axe          |    60 |    96 |    19 ||   175
       Headbutt          |     9 |    10 |     3 ||    22
       Punch             |       |     1 |       ||     1
Invok: Berserk           |     1 |     1 |     2 ||     4
 Stab: Sleeping          |       |     1 |       ||     1
Armor: Animal skin       |    10 |     7 |       ||    17
       Ring mail         |       |    27 |     4 ||    31
Dodge: Dodged            |    40 |    56 |    10 ||   106

Levels and vault maps discovered:
D:1:      elethiomel_arrival_maze, layout_loops_ring,
          ebering_ecumenical_altar_rust, serial_shops, nicolae_diamond_shop
D:2:      layout_basic, supply_closet_lemuel
D:3:      layout_basic, uniq_sigmund
D:5:      layout_basic
D:6:      layout_loops_cross, eino_small_chamber_without_monster,
          nicolae_shop_firing_range

Notes
Turn   | Place    | Note
-------+----------+-------------------------------------------
     0 | D:1      | browni3141 the Minotaur Berserker began the quest for the
                  | Orb.
     0 | D:1      | Reached XP level 1. HP: 19/19 MP: 0/0
   337 | D:1      | Reached skill level 4 in Axes
   337 | D:1      | Reached XP level 2. HP: 20/27 MP: 1/1
   502 | D:1      | Found Dosuteor's Jewellery Boutique.
   627 | D:1      | Found a faded altar of an unknown god.
   845 | D:1      | Reached skill level 4 in Fighting
   845 | D:1      | Reached ** piety under Trog
  1326 | D:2      | Reached skill level 3 in Armour
  1326 | D:2      | Reached XP level 3. HP: 30/33 MP: 2/2
  1678 | D:2      | Reached XP level 4. HP: 35/40 MP: 3/3
  1734 | D:2      | Reached skill level 5 in Axes
  2947 | D:3      | Noticed Sigmund
  2957 | D:3      | Killed Sigmund
  2958 | D:3      | Reached skill level 5 in Fighting
  2958 | D:3      | Reached skill level 6 in Axes
  2958 | D:3      | Reached skill level 4 in Armour
  2958 | D:3      | Reached XP level 5. HP: 38/48 MP: 4/4
  3770 | D:3      | You fall into a shaft and drop 3 floors!
  3773 | D:5      | Entered Level 5 of the Dungeon
  3785 | D:5      | Reached XP level 6. HP: 55/56 MP: 5/5
  4050 | D:5      | Reached skill level 7 in Axes
  4063 | D:5      | Reached skill level 5 in Armour
  4063 | D:5      | Reached XP level 7. HP: 22/62 MP: 6/6
  4597 | D:5      | Noticed a troll
  4606 | D:5      | HP: 9/93 [troll (7)]
  4606 | D:5      | Slain by a troll

Vanquished Creatures
  Sigmund (D:3)
  A black bear (D:5)
  An ogre (D:5)
  A necrophage (D:5)
  A hound (D:5)
  A centaur skeleton (D:5)
  A scorpion zombie (D:5)
  A hound zombie (D:5)
  3 gnolls (D:2)
  3 adders
  An ufetubus (D:5)
  An adder skeleton (D:2)
  A worm (D:3)
  A dart slug (D:1)
  4 endoplasms
  3 giant cockroaches
  7 goblins
  A hobgoblin (D:2)
  3 jackals (D:1)
  2 quokkas
  6 ball pythons
  7 bats
  2 frilled lizards
  2 kobolds (D:2)
  7 rats
62 creatures vanquished.

Table legend: (Time is in decaauts)
 A = Elapsed time spent in this place.
 B = Non-inter-level travel time spent in this place.
 C = Inter-level travel time spent in this place.
 D = Time resting spent in this place.
 E = Time spent auto-exploring this place.
 F = Levels seen in this place.
 G = Mean time per level.
                   A        B        C        D        E       F      G
               +--------+--------+--------+--------+--------+-----+--------+
         Total |   4631 |   4542 |     89 |    561 |   3503 |   5 |  926.2 |
       Dungeon |   4631 |   4542 |     89 |    561 |   3503 |   5 |  926.2 |
               +--------+--------+--------+--------+--------+-----+--------+

Top non-repeatable levels by time:
     D:2: 1434 daAuts
     D:1: 1258 daAuts
     D:3: 1102 daAuts
     D:5: 833 daAuts
     D:6: 2 daAuts

Table legend:
 A = Non-vault XP
 B = Vault XP
 C = Vault XP percentage of total XP
 D = Non-vault monster count
 E = Vault monster count
 F = Vault count percentage of total count
                 A         B        C        D         E       F
            +---------+---------+-------+---------+---------+-------
      Total |     687 |     208 |  23.2 |      61 |       1 |   1.6
            +---------+---------+-------+---------+---------+-------
        D:1 |      36 |       0 |   0.0 |      21 |       0 |   0.0
        D:2 |     102 |       0 |   0.0 |      23 |       0 |   0.0
        D:3 |      28 |     208 |  88.1 |       9 |       1 |  10.0
        D:5 |     521 |       0 |   0.0 |       8 |       0 |   0.0
            +---------+---------+-------+---------+---------+-------
